 Dungeon Crawl Stone Soup version 0.31-a0-655-gf2d5465dac (webtiles) character file.

Game seed: 13667223453599395833

1995345 Ijustatesigmund the Gargoyle Aeon (level 27, 184/184 HPs)
             Began as a Gargoyle Fighter on Aug 26, 2023.
             Was the Champion of Cheibriados.
             Escaped with the Orb
             ... and 4 runes on Aug 30, 2023!
             The game lasted 04:01:41 (94766 turns).

Ijustatesigmund the Gargoyle Aeon (GrFi)           Turns: 94766, Time: 04:01:42

Health: 184/184    AC: 47    Str: 36 (37) XL:     27
Magic:  37/37      EV: 27    Int: 35 (36) God:    Cheibriados [******]
Gold:   8597       SH: 24    Dex: 27      Spells: 21/64 levels left

rFire   + + +        a - +6 demon whip (freeze)
rCold   + . .        U - +5 kite shield {rC+ rF+}
rNeg    + . .        m - +2 fire dragon scales
rPois   ∞            d - +1 hat {SInv}
rElec   +            g - +1 cloak
rCorr   .            R - +2 pair of gloves {Dex+3}
SInv    +            E - +2 pair of boots
Will    ++...        M - amulet of Yxuokoagg {Reflect Int+4 SH+5}
Stlth   +            t - +5 ring of evasion
HPRegen 0.50/turn    F - ring "Jyozytais" {Wiz rPois rC+ SInv}
MPRegen 0.25/turn

%: random rage (3%), reflection, wizardry (x1)
@: flying, studying 2 skills, very slow
A: sickness immunity, AC +20, big wings, negative energy resistance 1,
electricity resistance, torment resistance 1, petrification resistance, berserk
1, deterioration 1, dopey 1, low MP 2, screaming 1, inhibited regeneration, weak
1, inability to read after injury 1, devolution 1
0: Orb of Zot
}: 4/15 runes: serpentine, barnacled, slimy, silver
a: Renounce Religion, Bend Time, Temporal Distortion, Slouch, Step From Time


You escaped.
You worshipped Cheibriados.
Cheibriados was exalted by your worship.
You visited 12 branches of the dungeon, and saw 56 of its levels.
You visited the Abyss 2 times.
You visited 1 bazaar.
You also visited: Trove, Sewer, Ossuary and Ice Cave.

You collected 11865 gold pieces.
You spent 3268 gold pieces at shops.

Inventory:

Hand Weapons
 a - a +6 demon whip of freezing (weapon)
Armour
 d - a +1 hat of see invisible (worn)
 f - a +1 crystal plate armour of cold resistance
 g - a +1 cloak (worn)
 m - +2 fire dragon scales (worn)
 E - a +2 pair of boots (worn)
 R - a +2 pair of gloves of dexterity (worn)
 U - a +5 kite shield of resistance (worn)
Jewellery
 b - a +4 ring of slaying
 c - the ring "Asheu" {rElec AC+4 Str+5 Dex-4 Stlth+}
   (You found it on level 5 of the Vaults)

   [ring of protection]

   AC+4:      It affects your AC (+4).
   Str+5:     It affects your strength (+5).
   Dex-4:     It affects your dexterity (-4).
   rElec:     It insulates you from electricity.
   Stlth+:    It makes you more stealthy.
 k - the ring "Lyuluty" {rPois rN+ Stlth+}
   (You found it on level 9 of the Dungeon)

   [ring of poison resistance]

   rPois:     It protects you from poison rN+: It protects you from negative
   energy.
   Stlth+:    It makes you more stealthy.
 l - the ring of Wovvy {rF+ rN+}
   (You found it in a treasure trove)

   [ring of protection from fire]

   rF+:       It protects you from fire.
   rN+:       It protects you from negative energy.
 t - a +5 ring of evasion (left hand)
 w - the ring "Yvite" {rPois rC++ MP+9 Str-3 Dex+6}
   (You found it in a treasure trove)

   [ring of dexterity]

   Str-3:     It affects your strength (-3).
   Dex+6:     It affects your dexterity (+6).
   rC++:      It greatly protects you from cold.
   rPois:     It protects you from poison MP+9: It affects your magic capacity
   (+9).
 B - the ring "Lobawov" {rPois rN+ Str+6 Int+7}
   (You bought it in a shop on level 2 of the Orcish Mines)

   [ring of strength]

   Str+6:     It affects your strength (+6).
   Int+7:     It affects your intelligence (+7).
   rPois:     It protects you from poison rN+: It protects you from negative
   energy.
 F - the ring "Jyozytais" (right hand) {Wiz rPois rC+ SInv}
   (You found it in a treasure trove)

   [ring of wizardry]

   Wiz:       It improves your spell success rate.
   rC+:       It protects you from cold.
   rPois:     It protects you from poison SInv: It lets you see invisible.
 J - a ring of resist corrosion
 M - the amulet of Yxuokoagg (around neck) {Reflect Int+4 SH+5}
   (You found it on level 3 of the Lair of Beasts)

   [amulet of reflection]

   Reflect:   It reflects blocked missile attacks.
   Int+4:     It affects your intelligence (+4).
   SH+5:      It affects your SH (+5).
 P - the ring "Ykhliddulao" {rC+ Str+6}
   (You found it in a treasure trove)

   [ring of protection from cold]

   Str+6:     It affects your strength (+6).
   rC+:       It protects you from cold.
 Q - the ring "Gedacichul" {AC+4 Dex+3}
   (You found it in a treasure trove)

   [ring of protection]

   AC+4:      It affects your AC (+4).
   Dex+3:     It affects your dexterity (+3).
Wands
 o - a wand of roots (55)
 p - a wand of mindburst (36)
 q - a wand of quicksilver (39)
 y - a wand of polymorph (36)
 C - a wand of digging (10)
 L - a wand of charming (70)
Scrolls
 j - 37 scrolls of identify
 n - 6 scrolls of immolation
 r - 8 scrolls of fear
 v - 2 scrolls of brand weapon
 x - 5 scrolls of poison
 A - 4 scrolls of fog
 G - 2 scrolls of butterflies
 N - 7 scrolls of teleportation
 T - 2 scrolls of blinking
 V - 2 scrolls of silence
 W - 7 scrolls of amnesia
 Y - 2 scrolls of revelation
Potions
 e - 3 potions of magic
 h - 9 potions of curing
 i - 7 potions of lignification
 s - 6 potions of brilliance
 u - 10 potions of attraction
 z - a potion of cancellation
 H - 2 potions of enlightenment
 I - a potion of invisibility
 K - 3 potions of might
 O - 4 potions of resistance
 S - 3 potions of berserk rage
 Z - 7 potions of ambrosia


   Skills:
 - Level 22.0 Fighting
 - Level 17.3 Maces & Flails
 - Level 15.6 Armour
 - Level 13.2 Dodging
 - Level 8.0 Stealth
 - Level 11.0 Shields
 - Level 19.3 Spellcasting
 + Level 16.5 Conjurations
 - Level 6.3 Necromancy
 - Level 12.0 Translocations
 - Level 6.2 Transmutations
 + Level 16.2 Earth Magic
 + Level 23.7 Invocations
 - Level 12.2 Evocations


You had 21 spell levels left.
You knew the following spells:

 Your Spells              Type           Power      Damage    Failure   Level
a - Wereblood             Tmut           67%        N/A       1%          2
b - Manifold Assault      Tloc           87%        N/A       1%          4
c - Blink                 Tloc           100%       N/A       1%          2
d - Dispel Undead         Necr           68%        3d23      1%          4
e - Stone Arrow           Conj/Erth      100%       3d13      0%          3
f - Irradiate             Conj/Tmut      42%        3d25      1%          5
g - Borgnjor's Vile Clut  Necr/Erth      42%        N/A       1%          5
h - Apportation           Tloc           100%       N/A       0%          1
i - Ignite Poison         Fire/Tmut/Pois 48%        N/A       1%          3
j - Iskenderun's Mystic   Conj/Tloc      93%        2d18      1%          4
k - Lehudib's Crystal Sp  Conj/Erth      49%        10d12     8%          8
l - Passwall              Tmut/Erth      70%        N/A       1%          2

Your spell library contained the following spells:

 Spells                   Type           Power      Damage    Failure   Level
 Kiss of Death            Conj/Necr      100%       2d13      0%          1
 Magic Dart               Conj           100%       1d8       0%          1
 Sandblast                Erth           100%       2d20      0%          1
 Momentum Strike          Conj/Tloc      100%       3d10      0%          2
 Searing Ray              Conj           100%       2d8       0%          2
 Foxfire                  Conj/Fire      100%       2x1d9     1%          1
 Freeze                   Ice            100%       1d10      1%          1
 Necrotise                Necr           100%       1d9       1%          1
 Summon Small Mammal      Summ           100%       N/A       1%          1
 Call Imp                 Summ           66%        N/A       1%          2
 Ensorcelled Hibernation  Hex/Ice        66%        N/A       1%          2
 Lesser Beckoning         Tloc           100%       N/A       1%          2
 Poisonous Vapours        Pois/Air       66%        N/A       1%          2
 Scorch                   Fire           66%        2d7       1%          2
 Static Discharge         Conj/Air       100%       2-7/arc   1%          2
 Gell's Gravitas          Tloc           87%        N/A       1%          3
 Mephitic Cloud           Conj/Pois/Air  64%        N/A       1%          3
 Teleport Other           Tloc           87%        N/A       1%          3
 Volatile Blastmotes      Fire/Tloc      100%       2d18      1%          3
 Animate Armour           Summ/Erth      100%       N/A       1%          4
 Animate Dead             Necr           68%        N/A       1%          4
 Flame Wave               Conj/Fire      75%        2d17      1%          4
 Fulminant Prism          Conj/Hex       37%        3d17      1%          4
 Leda's Liquefaction      Hex/Erth       37%        N/A       1%          4
 Passage of Golubria      Tloc           87%        N/A       1%          4
 Petrify                  Tmut/Erth      85%        N/A       1%          4
 Sticky Flame             Conj/Fire      75%        2d9       1%          4
 Vhi's Electric Charge    Tloc/Air       100%       N/A       1%          4
 Arcjolt                  Conj/Air       37%        1d47      1%          5
 Lee's Rapid Deconstruct  Erth           49%        3d23*     1%          5
 Dispersal                Tloc           43%        N/A       1%          6
 Leda's Unmaking          Conj/Erth      49%        9d8       1%          6
 Orb of Destruction       Conj           49%        9d13      1%          7
 Call Canine Familiar     Summ           33%        N/A       2%          3
 Confusing Touch          Hex            33%        N/A       2%          3
 Inner Flame              Hex/Fire       33%        N/A       2%          3
 Ozocubu's Armour         Ice            33%        N/A       2%          3
 Summon Guardian Golem    Hex/Summ       33%        N/A       2%          3
 Tukima's Dance           Hex            33%        N/A       2%          3
 Anguish                  Hex/Necr       27%        N/A       2%          4
 Freezing Cloud           Conj/Ice/Air   32%        6-21      2%          5
 Summon Forest            Summ/Tloc      33%        N/A       2%          5
 Conjure Ball Lightning   Conj/Air       37%        3x3d12    4%          6
 Starburst                Conj/Fire      37%        6d11      4%          6
 Alistair's Intoxication  Tmut/Pois      36%        N/A       8%          5
 Yara's Violent Unravell  Hex/Tmut       27%        3d12      8%          5
 Cause Fear               Hex            16%        N/A       9%          4
 Olgreb's Toxic Radiance  Pois           33%        N/A       9%          4
 Summon Ice Beast         Ice/Summ       33%        N/A       9%          4
 Summon Lightning Spire   Summ/Air       33%        N/A       9%          4
 Death Channel            Necr           34%        N/A       11%         6
 Metabolic Englaciation   Hex/Ice        16%        N/A       26%         5
 Silence                  Hex/Air        16%        N/A       26%         5
 Summon Mana Viper        Hex/Summ       33%        N/A       26%         5
 Spellforged Servitor     Conj/Summ      37%        N/A       26%         7
 Simulacrum               Ice/Necr       27%        N/A       34%         6
 Eringya's Noxious Bog    Tmut/Pois      27%        4d6       36%         6
 Disjunction              Tloc           43%        N/A       38%         8
 Malign Gateway           Summ/Tloc      33%        N/A       52%         7
 Shatter                  Erth           49%        3d38*     73%         9
 Plasma Beam              Fire/Air       16%        2x1d28    77%         6
 Summon Cactus Giant      Summ           16%        N/A       77%         6
 Haunt                    Necr/Summ      27%        N/A       88%         7
 Infestation              Necr           34%        N/A       98%         8
 Enfeeble                 Hex            16%        N/A       99%         7
 Ozocubu's Refrigeration  Ice            16%        4d11      99%         7
 Summon Hydra             Summ           16%        N/A       99%         7
 Discord                  Hex            16%        N/A       100%        8
 Ignition                 Fire           16%        3d7       100%        8
 Maxwell's Capacitive Co  Air            16%        ∞         100%        8
 Summon Horrible Things   Summ           16%        N/A       100%        8
 Chain Lightning          Conj/Air       37%        3d50      100%        9


Dungeon Overview and Level Annotations

Branches:
Dungeon (15/15)            Temple (1/1) D:4            Lair (5/5) D:11
 Shoals (4/4) Lair:3        Snake (4/4) Lair:2        Slime (5/5) Lair:5
    Orc (2/2) D:12            Elf (3/3) Orc:2        Vaults (5/5) D:14
  Crypt (3/3) Vaults:3       Tomb (0/3) Crypt:3      Depths (4/4) D:15
    Zot (5/5) Depths:4      Sewer (visited)         Ossuary (visited)
  IceCv (visited)

Altars:
Ashenzari
Cheibriados
Dithmenos
Elyvilon
Fedhas
Gozag
Hepliaklqana
Kikubaaqudgha
Makhleb
Nemelex Xobeh
Okawaru
Qazlal
Ru
Sif Muna
Trog
Uskayaw
Vehumet
Wu Jian
Xom
Yredelemnul
Zin
The Shining One
Jiyva

Shops:
D:7 *   D:8 (   Orc:1 :   Orc:2 **=?[   Elf:3 :   Shoals:1 ?   Shoals:3 *
Snake:1 *?   Snake:3 ::=   Vaults:5 (   Depths:2 **(

Portals:
Hell: Depths:1 Depths:2 Depths:3 Depths:4
Abyss: Depths:3
Pandemonium: Depths:2
Ziggurat: Depths:4

Annotations:
D:9 exclusion: statue
Temple 2 transporters
Shoals:1 2 transporters, exclusion: orange crystal statue
Snake:4 2 transporters, ouz's ghost, adept DsGl


Innate Abilities, Weirdness & Mutations

You are immune to sickness and miasma.
Your stone body is resilient. (AC +20)
You are immune to poison.
Your large and strong wings let you fly.
You resist negative energy. (rN+)
You are resistant to electric shocks. (rElec)
You are resistant to unholy torment.
You are immune to petrification.
You sometimes lose your temper in combat.
Your body sometimes deteriorates upon taking damage.
You are dopey. (Int -2)
Your magical capacity is very low. (-20% MP)
You occasionally shout uncontrollably at your foes.
You do not regenerate when monsters are visible.
You are weak. (Str -2)
You occasionally lose the ability to read scrolls when taking damage.
You have hidden genetic defects.


Message History

Things that are here:
a +0 robe; a +0 dagger
There is a broken door here.
You see here a +0 robe.
There is a stone staircase leading up here.
You fly upwards.
There is a stone staircase leading down here.
Magic restored.
There is a stone staircase leading up here.
You fly upwards.
There is a stone staircase leading down here.
There is a stone staircase leading up here.
You fly upwards.
There is a stone staircase leading down here.
HP restored.
There is a stone staircase leading up here.
You fly upwards.
There is a stone staircase leading down here.
There is a stone staircase leading up here.
You fly upwards.
There is a stone staircase leading down here.
Saving game... please wait.
Welcome back, Ijustatesigmund the Gargoyle Fighter.
Cheibriados says: Take it easy.
Press ? for a list of commands and other information.
There is a stone staircase leading up here.
You fly upwards.
There is a stone staircase leading down here.
There is a stone staircase leading up here.
You fly upwards.
There is a stone staircase leading down here.
You reach down and open the door.
There is an open door here.
There is a stone staircase leading up here.
You fly upwards.
There is a stone staircase leading down here.
Cast which spell? (? or * to list)
Okay, then.
There is a staircase leading out of the dungeon here.
You have escaped!

...#.....##### ### #.#.#.
#..#.....# #.# #.#... #........#
#.# #.###. #.##.....# ##.##
#.###. ####....)# #...# #...#.
..##.....# #...# #.....
.........# ##...## #.#...
.##......#####.....#### #.###.
.....####.......@.....######.###.
.....####....#.....##............
........#...###...##############.
.....##.#...# #...# #.
.....#..#...# #...# #.
.....#..#...# ##.## #.
######......# #.# #.
#####.#....## #.# #.
#.....##....# ### #.


There were no monsters in sight!

Vanquished Creatures
  the Royal Jelly (Slime:5)
  Dissolution (Slime:2)
  Khufu (Crypt:3)
  A dread lich (Crypt:3)
  Mennas (Crypt:1)
  8 orbs of fire
  The ghost of Debugaymy the Hoplite, a master OgFi of Okawaru (Zot:3)
  Mara (Vaults:1)
  4 ancient liches
  5 juggernauts (Depths:4)
  3 royal mummies
  Sojobo (Crypt:2)
  Boris (twice) (Vaults:2)
  the Lernaean hydra (D:14)
  2 Killer Klowns (Zot:5)
  Saint Roka (Crypt:2)
  Margery (Crypt:2)
  A curse toe (Zot:5)
  The ghost of Yhipuh the Earth Mage, a veteran GrEE of Ashenzari (Crypt:2)
  8 golden dragons
  A profane servitor (D:9)
  A bone dragon (Abyss:2)
  4 electric golems
  A doom hound (Crypt:2)
  A spectral shard shrike (Crypt:2)
  Rupert (D:12)
  2 Hell Sentinels (D:9)
  20 tentacled monstrosities
  A hellephant (Zot:5)
  4 liches
  A shard shrike skeleton (Crypt:3)
  Mlioglotl (Snake:4)
  3 quicksilver dragons
  A walking crystal tome (Depths:4)
  3 deep elf blademasters
  29 Orb Guardians
  10 sphinxes
  3 titans (Vaults:5)
  15 acid blobs
  2 deep elf master archers (Elf:3)
  A tentacled starspawn (Abyss:2)
  16 death cobs
  3 ancient champions
  Polyphemus (Shoals:1)
  The ghost of Zigma the Imperceptible, an adept KoEn of Ashenzari (Shoals:4)
  3 draconian monks
  6 shadow dragons
  21 storm dragons
  4 tengu reavers
  Aizul (Snake:4)
  3 revenants
  2 daevas
  6 nagarajas (Snake:4)
  10 rockslimes
  12 azure jellies
  An iron dragon (Vaults:5)
  11 draconian scorchers
  6 draconian knights
  3 deep elf elementalists
  8 fire giants
  15 vault wardens
  13 frost giants
  7 draconian shifters
  2 spectral juggernauts (Depths:3)
  4 deep elf sorcerers
  3 curse skulls
  A balrug (Depths:4)
  11 draconian annihilators
  An angel (Depths:4)
  A spectral caustic shrike (Depths:3)
  4 ghouls (Crypt:1)
  A juggernaut skeleton (Crypt:2)
  11 draconian stormcallers
  A spriggan defender (Depths:4)
  7 quicksilver oozes
  6 formless jellyfish
  A reaper (Crypt:3)
  8 ironbound thunderhulks
  17 ironbound preservers
  22 very ugly things
  9 stone giants
  2 war gargoyles
  16 green draconians
  10 deep elf demonologists (Elf:3)
  4 vampire knights
  10 spark wasps
  8 deep elf annihilators
  Azrael (D:13)
  Nessos (Lair:4)
  A lorocyproca (Depths:1)
  2 spectral titans (Depths:3)
  16 black draconians
  16 white draconians
  9 dire elephants
  16 red draconians
  8 yellow draconians
  14 purple draconians
  A green death (D:10)
  11 eidola
  2 iron golems (Zot:3)
  13 deep elf death magi
  8 jiangshi
  9 fire dragons
  A spectral golden dragon (Depths:3)
  Snorg (D:12)
  13 ettins
  13 great orbs of eyes
  4 mummy priests
  5 merfolk javelineers (Shoals:4)
  24 yaktaur captains
  4 merfolk impalers
  2 entropy weavers
  5 deep elf high priests
  A fenstrider witch zombie (Crypt:3)
  Josephine (D:12)
  A crystal guardian (Vaults:2)
  A peacekeeper (Vaults:2)
  3 hell beasts
  4 catoblepae
  2 salamander tyrants (Snake:4)
  41 hydras
  A spectral sphinx (Depths:3)
  2 rakshasas
  32 vault guards
  5 ice dragons
  10 anacondas
  6 centaur warriors
  6 spriggan air magi
  2 ogre magi
  3 spectral frost giants (Depths:3)
  3 spectral tengu (Depths:3)
  A bennu zombie (Crypt:1)
  3 boulder beetles
  12 ironbound frosthearts
  2 satyrs
  27 dancing weapons
  3 merfolk aquamancers (Shoals:4)
  An anaconda (shapeshifter) (Vaults:5)
  A death knight (Crypt:1)
  3 two-headed ogres
  4 alligator snapping turtles (Shoals:4)
  A spectral fire giant (Depths:3)
  12 deep troll shamans
  6 deep troll earth magi
  6 death yaks
  7 tengu warriors
  A spectral dire elephant (Crypt:2)
  A shock serpent (shapeshifter) (Vaults:3)
  15 naga warriors
  An orc high priest (Orc:2)
  2 spectral nagas (Crypt:2)
  A spectral storm dragon (Crypt:2)
  A hell hog (Abyss:2)
  19 naga sharpshooters
  11 soul eaters
  3 spriggan berserkers
  10 vampire magi
  22 hell knights
  4 sun demons
  2 titan zombies (Crypt:3)
  7 shock serpents
  22 skeletal warriors
  19 deep elf knights
  Sonja (D:11)
  2 wretched stars (Abyss:2)
  6 shadow wraiths
  5 skysharks
  Amaemon (D:11)
  3 salamander mystics
  A sixfirhy (Abyss:2)
  2 titan skeletons (Crypt:3)
  7 iron trolls
  4 large abominations (Abyss:2)
  A spark wasp zombie (Depths:1)
  53 deep trolls
  9 sea snakes
  2 spectral iron dragons
  3 anaconda zombies (Crypt:3)
  9 naga ritualists
  4 flayed ghosts
  A bog body (Crypt:1)
  2 orange crystal statues
  12 deep elf archers
  5 glowing orange brains
  A shadow demon (Depths:2)
  An obsidian statue (Depths:3)
  33 ironbound convokers
  10 wizards
  A spriggan simulacrum (Crypt:2)
  2 orc knights
  27 harpies
  25 phantasmal warriors
  Pikel (D:9)
  An anaconda skeleton (Crypt:3)
  An iron giant skeleton (Crypt:2)
  7 lindwurms
  6 orc sorcerers
  25 deep elf zephyrmancers
  3 starcursed masses (Abyss:2)
  16 necromancers
  45 ugly things
  11 mana vipers
  A shining eye (shapeshifter) (Depths:4)
  30 deep elf pyromancers
  13 manticores
  7 shining eyes
  2 oklob plants (Lair:5)
  A manticore (shapeshifter) (Vaults:5)
  15 fauns
  17 salamanders
  A shadow dragon skeleton (Crypt:3)
  2 wolf spiders (D:15)
  A worldbinder (Abyss:2)
  11 elephants
  23 moths of wrath
  11 cyclopes
  2 rust devils
  A faun (shapeshifter) (Depths:2)
  An iron dragon skeleton (Crypt:3)
  A dire elephant zombie (Crypt:2)
  2 spectral centaurs (Crypt:2)
  5 water nymphs
  10 guardian serpents
  26 black mambas
  13 merfolk sirens
  A fire giant skeleton (Depths:1)
  A guardian serpent (shapeshifter) (Vaults:5)
  15 naga magi
  3 alligator snapping turtle zombies
  6 smoke demons
  3 eyes of devastation
  A centaur skeleton (Crypt:3)
  A gargoyle (D:11)
  A stone giant skeleton (Depths:1)
  13 cane toads
  A hellion (Abyss:2)
  A torpor snail (Lair:5)
  A torpor snail (shapeshifter) (Depths:3)
  22 vault sentinels
  4 spriggan zombies
  A cane toad (shapeshifter) (Depths:2)
  A dire elephant skeleton (Abyss:2)
  A storm dragon simulacrum (Depths:1)
  6 unseen horrors
  17 rime drakes
  A rime drake (shapeshifter) (Depths:2)
  9 komodo dragons
  An orange demon (D:11)
  21 yaktaurs
  5 tengu conjurers
  10 freezing wraiths
  2 kobold demonologists
  A harpy zombie (Crypt:3)
  2 spectral merfolk (Shoals:4)
  22 merfolk
  8 guardian mummies
  A spectral glowing shapeshifter (Depths:3)
  9 trolls
  3 ancient zymes (Abyss:2)
  20 polar bears
  5 hornets
  11 wind drakes
  13 hellwings (Crypt:3)
  6 dream sheep (Shoals:2)
  5 raiju
  A blink frog (shapeshifter) (Elf:1)
  18 blink frogs
  2 harpy skeletons
  A snapping turtle (shapeshifter) (Depths:2)
  A fire dragon skeleton (Crypt:2)
  10 snapping turtles
  77 slime creatures
  An ettin zombie (Crypt:3)
  A jumping spider (shapeshifter) (Abyss:2)
  16 flying skulls
  3 vampires
  Sigmund (D:3)
  An air elemental (Elf:3)
  5 water elementals
  4 spriggans
  A spectral wind drake (Shoals:4)
  4 wyverns
  2 shadows
  A black mamba skeleton (Crypt:3)
  A yak (shapeshifter) (D:13)
  10 basilisks
  A human (D:14)
  A slime creature zombie (Crypt:1)
  15 wraiths
  A ynoxinul (Depths:2)
  5 golden eyes (Slime:5)
  A hog (shapeshifter) (Elf:2)
  2 neqoxecs
  39 yaks
  2 sea snake simulacra (Shoals:4)
  Grum (D:11)
  2 redbacks
  4 vampire mosquitoes (D:14)
  3 steam dragons
  5 fire elementals
  2 naga zombies
  36 nagas
  A water nymph zombie (Crypt:1)
  A harpy simulacrum (Crypt:2)
  A two-headed ogre zombie (Crypt:2)
  12 wargs
  2 hell hounds (D:13)
  An acid dragon (D:12)
  3 floating eyes
  12 water moccasins
  3 naga skeletons (Crypt:3)
  Duvessa (D:4)
  A two-headed ogre skeleton (Crypt:1)
  A water nymph skeleton (Crypt:1)
  4 black bears
  3 ice beasts (D:6)
  A lindwurm zombie (Crypt:1)
  17 orc warriors
  3 small abominations (Abyss:2)
  36 wolves
  2 boggarts
  2 centaurs
  7 ogres
  A phantom (D:5)
  A yaktaur zombie (Crypt:2)
  12 bullfrogs
  A gnoll sergeant (D:12)
  A draconian zombie (Crypt:2)
  5 kobold brigands
  A draconian skeleton (Crypt:2)
  An earth elemental (Elf:2)
  A demonspawn simulacrum (Crypt:2)
  2 scorpions
  8 wights
  A water moccasin skeleton (Crypt:2)
  7 wyvern skeletons (Crypt:3)
  Dowan (D:4)
  26 killer bees
  2 manticore simulacra (Shoals:4)
  A spriggan skeleton (Crypt:1)
  An electric eel (Lair:2)
  A howler monkey (D:5)
  3 hounds
  22 orc priests
  4 jellies
  5 iguanas
  A basilisk skeleton (Crypt:1)
  Natasha (twice) (D:3)
  Ijyb (D:5)
  41 orc wizards
  A hound skeleton (Crypt:2)
  6 mummies
  8 gnolls
  9 adders
  7 river rats
  A shadow imp (D:6)
  5 white imps
  3 ufetubi
  An adder zombie (Ossuary)
  3 worms
  A dart slug (D:4)
  61 orcs
  10 endoplasms
  4 giant cockroaches
  2 gnoll zombies (Ossuary)
  6 goblins
  5 hobgoblins
  4 jackals (D:2)
  4 quokkas
  3 training dummies (D:8)
  12 ball pythons
  A ball python skeleton (Crypt:1)
  2 bats (D:2)
  4 frilled lizards
  A gnoll skeleton (Crypt:2)
  A goblin zombie (Ossuary)
  3 hobgoblin zombies (Ossuary)
  28 kobolds
  4 kobold zombies (Ossuary)
  4 quokka zombies (Ossuary)
  20 rats
  3 rat zombies (Ossuary)
  A lurking horror (Abyss:2)
  A starspawn tentacle (Abyss:2)
2594 creatures vanquished.

Vanquished Creatures (collateral kills)
  A fire giant (Depths:4)
  A draconian stormcaller (Zot:1)
  A deep elf pyromancer (D:12)
  A water nymph (Shoals:4)
4 creatures vanquished.

Vanquished Creatures (others)
  A ghost moth (Zot:5)
  A draconian stormcaller (Zot:2)
  A formless jellyfish (Shoals:4)
  A black draconian (Zot:1)
  A yellow draconian (Zot:5)
  A vault guard (D:14)
  A skeletal warrior (Crypt:1)
  A deep elf pyromancer (Elf:2)
  A harpy (Shoals:2)
  A deep elf zephyrmancer (Elf:3)
  A naga mage (Snake:4)
  2 unseen horrors (Crypt:1)
  A rime drake (IceCv)
  2 blink frogs (Abyss:2)
  A slime creature (D:12)
  A wraith (Crypt:2)
  A naga (Snake:3)
  An orc wizard (D:11)
  3 spectral weapons (Depths:3)
  8 starspawn tentacles (Abyss:2)
31 creatures vanquished.

Grand Total: 2629 creatures vanquished

Notes
Turn   | Place    | Note
-------+----------+-------------------------------------------
     0 | D:1      | Ijustatesigmund the Gargoyle Fighter began the quest for
                  | the Orb.
     0 | D:1      | Reached XP level 1. HP: 14/14 MP: 1/1
   394 | D:1      | Reached XP level 2. HP: 19/19 MP: 2/2
   740 | D:1      | Upgraded the game from 0.31-a0-636-ge1c0e020e0 to
                  | 0.31-a0-640-g39d97e502b
   974 | D:2      | Found a faded altar of an unknown god.
   999 | D:2      | Got the Vademecum on Familiar Conflict
  1174 | D:2      | Reached XP level 3. HP: 14/24 MP: 3/3
  1436 | D:2      | Reached XP level 4. HP: 14/30 MP: 4/4
  2145 | D:3      | Noticed Sigmund
  2150 | D:3      | Killed Sigmund
  2151 | D:3      | Reached skill level 5 in Fighting
  2151 | D:3      | Reached XP level 5. HP: 35/36 MP: 5/5
  2151 | D:3      | Reached XP level 6. HP: 40/41 MP: 6/6
  2219 | D:3      | Found a broken altar of Ashenzari.
  2346 | D:3      | Noticed Natasha
  2349 | D:3      | Killed Natasha
  2599 | D:3      | Noticed Natasha
  2603 | D:3      | Killed Natasha
  2856 | D:4      | Reached skill level 1 in Dodging
  2869 | D:4      | Noticed a black bear
  2875 | D:4      | Killed a black bear
  2876 | D:4      | Reached skill level 5 in Maces & Flails
  2876 | D:4      | Reached XP level 7. HP: 40/46 MP: 7/7
  3116 | D:4      | Noticed Dowan
  3116 | D:4      | Noticed Duvessa
  3123 | D:4      | Killed Duvessa
  3124 | D:4      | Killed Dowan
  3220 | D:4      | Found a staircase to the Ecumenical Temple.
  3229 | Temple   | Found a transporter.
  3229 | Temple   | Found a transporter.
  3229 | Temple   | Found a transporter.
  3229 | Temple   | Found a transporter.
  3229 | Temple   | Entered the Ecumenical Temple
  3249 | Temple   | Became a worshipper of Cheibriados the Contemplative
  3440 | D:5      | Entered Level 5 of the Dungeon
  3478 | D:5      | Reached skill level 1 in Invocations
  3553 | D:5      | Reached XP level 8. HP: 52/52 MP: 9/9
  3564 | D:5      | Found a glowing drain.
  3568 | Sewer    | Entered a sewer
  3620 | Sewer    | Reached * piety under Cheibriados
  3689 | Sewer    | Reached skill level 2 in Invocations
  3900 | Sewer    | Reached ** piety under Cheibriados
  4264 | D:5      | Reached skill level 3 in Invocations
  4281 | D:5      | Noticed Ijyb
  4289 | D:5      | Killed Ijyb
  4870 | D:5      | You fall into a shaft and drop 3 floors!
  4905 | D:8      | Noticed a yak
  4905 | D:8      | Noticed a yak
  4905 | D:8      | Noticed a yak
  4911 | D:8      | Noticed a yak
  4914 | D:8      | Noticed a yak
  4915 | D:8      | Noticed a yak
  4917 | D:8      | Killed a yak
  4918 | D:8      | Reached skill level 5 in Armour
  4920 | D:8      | Killed a yak
  4921 | D:8      | Reached XP level 9. HP: 46/59 MP: 11/11
  4926 | D:8      | Reached skill level 4 in Invocations
  5156 | D:8      | Found a sand-covered staircase.
  5161 | Ossuary  | Entered an ossuary
  5217 | Ossuary  | Reached *** piety under Cheibriados
  5348 | D:7      | Reached skill level 5 in Invocations
  5961 | D:6      | Reached **** piety under Cheibriados
  6807 | D:7      | Reached skill level 6 in Invocations
  6807 | D:7      | Reached XP level 10. HP: 66/66 MP: 14/14
  6845 | D:7      | Got the Papyrus of Convocation
  6907 | D:7      | Reached skill level 5 in Shields
  7095 | D:7      | Noticed a two-headed ogre
  7100 | D:7      | Killed a two-headed ogre
  7101 | D:7      | Reached skill level 1 in Evocations
  7237 | D:7      | Found Beziad's General Store.
  7855 | D:8      | Found Egubonn's Firing Range.
  8091 | D:9      | Noticed Pikel
  8096 | D:9      | Killed Pikel
  8108 | D:9      | Identified the ring "Lyuluty" {rPois rN+ Stlth+}
  8116 | D:9      | Reached skill level 7 in Invocations
  8165 | D:9      | Found a radiant altar of Vehumet.
  8328 | D:9      | Found a hazy altar of Hepliaklqana.
  8374 | D:9      | Reached skill level 10 in Fighting
  8379 | D:9      | Reached ***** piety under Cheibriados
  8625 | D:9      | Reached XP level 11. HP: 73/73 MP: 16/16
  8850 | D:9      | Reached skill level 8 in Invocations
  9218 | D:10     | Entered Level 10 of the Dungeon
  9283 | D:10     | Noticed a cyclops
  9284 | D:10     | Noticed a two-headed ogre
  9292 | D:10     | Killed a two-headed ogre
  9297 | D:10     | Killed a cyclops
  9364 | D:10     | Identified the +0 leather armour of Denlohy {Regen+ Stlth+}
  9973 | D:11     | Noticed a cyclops
  9978 | D:11     | Killed a cyclops
 10071 | D:11     | Noticed a manticore
 10075 | D:11     | Noticed a white ugly thing
 10077 | D:11     | Reached skill level 5 in Evocations
 10079 | D:11     | Killed a manticore
 10095 | D:11     | Killed a white ugly thing
 10096 | D:11     | Reached skill level 10 in Maces & Flails
 10096 | D:11     | Reached skill level 9 in Invocations
 10443 | D:11     | Noticed a two-headed ogre
 10453 | D:11     | Killed a two-headed ogre
 10538 | D:11     | Noticed Sonja
 10542 | D:11     | Killed Sonja
 10708 | D:11     | Noticed Amaemon
 10715 | D:11     | Killed Amaemon
 10716 | D:11     | Reached XP level 12. HP: 75/80 MP: 19/19
 10772 | D:11     | Found a staircase to the Lair.
 10982 | D:11     | Noticed Grum
 10994 | D:11     | Killed Grum
 11221 | D:11     | Reached skill level 10 in Invocations
 11619 | D:12     | Learned a level 2 spell: Wereblood
 11619 | D:12     | Found a staircase to the Orcish Mines.
 11741 | D:12     | Found a sacrificial altar of Ru.
 11746 | D:12     | Reached skill level 1 in Spellcasting
 11746 | D:12     | Reached skill level 1 in Transmutations
 11800 | D:12     | Noticed Rupert
 11817 | D:12     | Killed Rupert
 11896 | D:12     | Noticed Snorg
 12025 | D:12     | Killed Snorg
 12676 | D:12     | Noticed Josephine
 12686 | D:12     | Killed Josephine
 12687 | D:12     | Reached skill level 11 in Invocations
 12739 | D:12     | Noticed a boulder beetle
 12761 | D:12     | Killed a boulder beetle
 13139 | D:13     | Noticed a centaur warrior
 13164 | D:13     | Killed a centaur warrior
 13217 | D:13     | Noticed a boulder beetle
 13228 | D:13     | Reached XP level 13. HP: 87/87 MP: 21/21
 13364 | D:13     | Found a portal to a secret trove of treasure.
 13815 | D:13     | Reached skill level 12 in Invocations
 13851 | D:13     | Noticed Azrael
 13865 | D:13     | Killed Azrael
 14215 | D:13     | Learned a level 2 spell: Momentum Strike
 14834 | D:13     | Reached skill level 1 in Conjurations
 14845 | D:13     | Reached skill level 1 in Translocations
 15056 | D:14     | Found a runed translucent door.
 15057 | D:14     | Noticed the 27-headed Lernaean hydra
 15095 | D:14     | Found a runed translucent door.
 15388 | D:14     | Noticed a vault guard
 15393 | D:14     | Noticed a vault guard
 15414 | D:14     | Killed a vault guard
 15451 | D:14     | Found a gate to the Vaults.
 15809 | Lair:1   | Entered Level 1 of the Lair of Beasts
 15919 | Lair:1   | Gained mutation: Your large and strong wings let you fly.
                  | [Gargoyle growth]
 15919 | Lair:1   | Reached XP level 14. HP: 59/95 MP: 23/23
 16966 | Lair:2   | Reached skill level 13 in Invocations
 17249 | Lair:2   | Reached ****** piety under Cheibriados
 17481 | Lair:2   | Found a staircase to the Snake Pit.
 17808 | Lair:3   | Reached skill level 1 in Stealth
 17976 | Lair:3   | Learned a level 2 spell: Blink
 18239 | Lair:3   | Found a staircase to the Shoals.
 18400 | Lair:3   | Identified the amulet of Yxuokoagg {Reflect Int+4 SH+5}
 18666 | Lair:4   | Noticed Nessos
 18672 | Lair:4   | Killed Nessos
 19303 | Lair:4   | Reached skill level 5 in Stealth
 19676 | Lair:5   | Entered Level 5 of the Lair of Beasts
 19901 | Orc:1    | Entered Level 1 of the Orcish Mines
 19901 | Orc:1    | Found Vuufahon's Book Boutique.
 20516 | Lair:4   | Reached skill level 5 in Dodging
 20551 | Lair:5   | Reached XP level 15. HP: 100/100 MP: 24/24
 21045 | Lair:5   | Found a staircase to the Slime Pits.
 21154 | Lair:5   | Identified the +1 leather armour of Tomorrow {Harm Will-
                  | Dex+4 Slay+2}
 21393 | Lair:5   | Identified the +10 great mace of the Kidney {protect, rC-
                  | Dex+6}
 21394 | Lair:5   | Identified the +6 scimitar "Puas" {heavy, Fragile Str+4
                  | SInv}
 22033 | Orc:2    | Entered Level 2 of the Orcish Mines
 22033 | Orc:2    | Found a staircase to the Elven Halls.
 22440 | Orc:2    | Found Zuilire's Armour Boutique.
 22887 | Orc:2    | Found Lautwek's Magic Scroll Shop.
 22887 | Orc:2    | Found Faet's General Store.
 22888 | Orc:2    | Found Farchoipp's General Store.
 22894 | Orc:2    | Found Unlas's Jewellery Shop.
 22897 | Orc:2    | Bought a scroll of teleportation for 42 gold pieces
 22897 | Orc:2    | Bought a scroll of teleportation for 42 gold pieces
 22897 | Orc:2    | Bought a scroll of blinking for 105 gold pieces
 23298 | D:15     | Entered Level 15 of the Dungeon
 23343 | D:15     | Learned a level 4 spell: Dispel Undead
 23388 | D:15     | Found a frozen archway.
 23398 | IceCv    | Entered an ice cave
 23442 | IceCv    | Learned a level 4 spell: Manifold Assault
 23547 | IceCv    | Reached skill level 1 in Necromancy
 24399 | IceCv    | Reached XP level 16. HP: 95/107 MP: 24/26
 24731 | IceCv    | Reached skill level 14 in Invocations
 25198 | D:15     | Found a staircase to the Depths.
 25445 | D:15     | Reached skill level 15 in Fighting
 26053 | Shoals:1 | Entered Level 1 of the Shoals
 26060 | Shoals:1 | Found Zeikuw Ycue's Magic Scroll Boutique.
 26083 | Shoals:1 | Bought a scroll of enchant weapon for 120 gold pieces
 26199 | Shoals:1 | Found a transporter.
 26449 | Shoals:1 | Found a transporter.
 27080 | Shoals:2 | Noticed Polyphemus
 27241 | Shoals:1 | Killed Polyphemus
 27679 | Shoals:2 | Reached skill level 5 in Necromancy
 27844 | Shoals:2 | Reached skill level 15 in Invocations
 27864 | Shoals:2 | Reached skill level 10 in Armour
 27881 | Shoals:2 | Reached XP level 17. HP: 115/115 MP: 28/28
 27923 | Shoals:2 | Identified the +0 plate armour of Gallantry {Rampage Drain
                  | rPois rC++}
 28494 | Shoals:3 | Found Fenydoj's Overcharged Wands.
 29098 | Shoals:4 | Entered Level 4 of the Shoals
 29432 | Shoals:4 | Got the Notes on Hyperthermia and the Bane
 29507 | Shoals:4 | Identified the +0 leather armour of Untold Secrets {Drain
                  | +Blink rF+ Str+2}
 29720 | Shoals:4 | Identified the staff of Wyrd {rC+ Dex+3 Ice}
 29919 | Shoals:4 | Found a runed translucent gate.
 29919 | Shoals:4 | Found a runed translucent gate.
 29919 | Shoals:4 | Found a runed translucent gate.
 29919 | Shoals:4 | Noticed Zigma's ghost (adept KoEn)
 30442 | Shoals:4 | Identified the +0 kite shield "Xazek" {Will+ Str+3}
 30500 | Shoals:4 | Got the Precepts of Vitiation
 30697 | Shoals:4 | Reached skill level 5 in Translocations
 30804 | Shoals:4 | Got a barnacled rune of Zot
 30941 | Shoals:4 | Killed Zigma's ghost
 31350 | Snake:1  | Entered Level 1 of the Snake Pit
 31774 | Snake:1  | Reached skill level 16 in Invocations
 32134 | Snake:1  | Reached XP level 18. HP: 102/122 MP: 30/30
 32426 | Snake:1  | Identified the +3 leather armour of the Hidden Vale {rN+}
 32453 | Snake:1  | Found Aboy's Magic Scroll Shoppe.
 32453 | Snake:1  | Found Pagykoz's General Store.
 32579 | Snake:1  | Bought a scroll of poison for 52 gold pieces
 34089 | Snake:3  | Found Baon Lae's Book Emporium.
 34090 | Snake:3  | Found Qesimizeus's Jewellery Boutique.
 34091 | Snake:3  | Found Pehiamemm's Book Emporium.
 34638 | Snake:4  | Entered Level 4 of the Snake Pit
 34659 | Snake:4  | Found a transporter.
 34687 | Snake:4  | Noticed Aizul
 34711 | Snake:4  | Killed Aizul
 34737 | Snake:4  | Found a transporter.
 34737 | Snake:4  | Noticed ouz's ghost (adept DsGl)
 34761 | Snake:4  | Noticed Mlioglotl
 34778 | Snake:4  | Killed Mlioglotl
 35123 | Snake:4  | Reached skill level 17 in Invocations
 35975 | Snake:4  | Reached XP level 19. HP: 128/130 MP: 31/31
 36134 | Snake:4  | Got a serpentine rune of Zot
 36599 | Vaults:1 | Entered Level 1 of the Vaults
 36621 | Abyss:2  | Cast into level 2 of the Abyss (a wizard)
 36664 | Abyss:2  | Found a corrupted altar of Lugonu.
 36915 | Abyss:2  | Reached skill level 10 in Shields
 36951 | Abyss:2  | Found a corrupted altar of Lugonu.
 37026 | Abyss:2  | Found a corrupted altar of Lugonu.
 37149 | Abyss:2  | Noticed a bone dragon
 37196 | Abyss:2  | Killed a bone dragon
 37308 | Vaults:1 | Escaped the Abyss
 37652 | Vaults:1 | Reached skill level 18 in Invocations
 39151 | Vaults:1 | Reached XP level 20. HP: 137/137 MP: 33/33
 39325 | Vaults:2 | Noticed Boris
 39355 | Vaults:2 | Killed Boris
 39364 | Vaults:2 | Noticed Mara
 39367 | Vaults:2 | Noticed Ijustatesigmund's illusion
 39790 | Vaults:1 | Noticed Ijustatesigmund's illusion
 39815 | Vaults:1 | Killed Mara
 40892 | Vaults:2 | Found a gateway to a bazaar.
 40903 | Bazaar   | Entered a bazaar
 40908 | Bazaar   | Found Jihikum's Jewellery Shoppe.
 40910 | Bazaar   | Found Qur Zaxkerr's General Store.
 40946 | Bazaar   | Found Pusoup's Jewellery Emporium.
 40954 | Bazaar   | Found Ackib's Armour Shop.
 41011 | Bazaar   | Bought a scroll of brand weapon for 66 gold pieces
 41011 | Bazaar   | Bought a scroll of teleportation for 21 gold pieces
 41011 | Bazaar   | Bought a potion of heal wounds for 35 gold pieces
 41011 | Bazaar   | Bought 2 scrolls of butterflies for 56 gold pieces
 41044 | Bazaar   | Bought the ring "Tuiw" {rPois rF+ rC++ Slay-3} for 622 gold
                  | pieces
 41089 | Vaults:2 | Reached skill level 5 in Spellcasting
 42093 | Vaults:3 | Noticed Boris
 42106 | Abyss:2  | Found a corrupted altar of Lugonu.
 42106 | Abyss:2  | Cast into level 2 of the Abyss (a wizard)
 42108 | Abyss:2  | Found a transporter.
 42127 | Vaults:3 | Escaped the Abyss
 43383 | Vaults:2 | Killed Boris
 43917 | Vaults:3 | Reached XP level 21. HP: 121/145 MP: 34/34
 44820 | Vaults:3 | Found a staircase to the Crypt.
 45145 | Vaults:4 | Reached skill level 15 in Maces & Flails
 46565 | Vaults:5 | Entered Level 5 of the Vaults
 46837 | Orc:1    | Bought a manual of Spellcasting for 1040 gold pieces
 46998 | Depths:1 | Entered Level 1 of the Depths
 47993 | Depths:1 | Found a sparkling altar of Nemelex Xobeh.
 48012 | Depths:1 | Found a gateway to Hell.
 48379 | Depths:2 | Reached skill level 10 in Spellcasting
 48650 | Depths:2 | Found Gozag's Antique Weapon Emporium.
 48701 | Depths:2 | Reached XP level 22. HP: 95/153 MP: 37/37
 48982 | Depths:2 | Found an opulent altar of Gozag.
 48982 | Depths:2 | Noticed a golden dragon
 48983 | Depths:2 | Found Gozag's Assorted Antiques.
 48992 | Depths:2 | Found Gozag's Assorted Antiques.
 49755 | Depths:2 | Killed a golden dragon
 49984 | Depths:2 | Found a one-way gate leading to the halls of Pandemonium.
 50175 | Depths:3 | Found a shadowy altar of Dithmenos.
 50307 | Depths:3 | Noticed a golden dragon
 50317 | Depths:3 | Killed a golden dragon
 50841 | Depths:3 | Found a one-way gate to the infinite horrors of the Abyss.
 51340 | Depths:3 | Reached skill level 15 in Spellcasting
 51395 | Depths:3 | Noticed a royal mummy
 53072 | Depths:3 | Killed a royal mummy
 53353 | Depths:4 | Entered Level 4 of the Depths
 53353 | Depths:4 | Noticed a juggernaut
 53381 | Depths:4 | Killed a juggernaut
 53382 | Depths:4 | Found a one-way gateway to a ziggurat.
 53722 | Depths:4 | Reached XP level 23. HP: 158/158 MP: 43/43
 53736 | Depths:4 | Noticed a juggernaut
 53771 | Depths:4 | Killed a juggernaut
 54294 | Depths:4 | Found a gate to the Realm of Zot.
 55642 | Elf:1    | Entered Level 1 of the Elven Halls
 56306 | Shoals:1 | Bought a scroll of teleportation for 48 gold pieces
 56306 | Shoals:1 | Bought a scroll of fear for 64 gold pieces
 56306 | Shoals:1 | Bought a scroll of teleportation for 48 gold pieces
 56306 | Shoals:1 | Bought a scroll of teleportation for 48 gold pieces
 56346 | Shoals:1 | Upgraded the game from 0.31-a0-640-g39d97e502b to
                  | 0.31-a0-647-g38d6a14cb1
 56889 | D:14     | Found a runed translucent door.
 57037 | D:14     | Found a runed translucent door.
 57096 | D:14     | Killed the 27-headed Lernaean hydra
 57100 | D:14     | Identified the staff of the Harvest {rC+ Int+4 Ice}
 57102 | D:14     | Identified the ring "Lososol" {rF- Str+3 SInv}
 57107 | D:14     | Identified the +5 short sword "Pideymoa" {distort, rElec
                  | Int+2}
 57109 | D:14     | Identified the +1 shortbow "Bezamiud" {drain, Will+ Dex+2}
 57116 | D:14     | Learned a level 3 spell: Stone Arrow
 57367 | Elf:1    | Got Ts'ui Pên's Papyrus of Forking Paths
 57374 | Elf:1    | Got the Compendium of Dhcmrlchtdj
 57419 | Elf:1    | Reached skill level 1 in Earth Magic
 57807 | Elf:1    | Got the Precepts of Combed Thunderclap
 59012 | Elf:2    | Found a huge runed translucent gate.
 59012 | Elf:2    | Found a huge runed translucent gate.
 59013 | Elf:2    | Found a huge runed translucent gate.
 59018 | Elf:2    | Found a huge runed translucent gate.
 59018 | Elf:2    | Found a huge runed translucent gate.
 59249 | Elf:2    | Reached XP level 24. HP: 164/164 MP: 38/46
 60297 | Elf:3    | Entered Level 3 of the Elven Halls
 60600 | Elf:3    | Paralysed by an air elemental for 1 turns
 60754 | Elf:3    | Reached skill level 5 in Earth Magic
 61117 | Elf:3    | Found Rocw's Book Shoppe.
 61131 | Elf:3    | Learned a level 5 spell: Irradiate
 61387 | Elf:3    | Reached skill level 19 in Invocations
 61642 | Elf:3    | Identified the +1 bardiche of Traps {heavy, Int+5}
 61653 | Elf:3    | Reached skill level 5 in Conjurations
 62316 | Elf:3    | Gained mutation: You are strong-willed. (Will+) [a neqoxec]
 63564 | Elf:3    | Identified the +6 great sword "Enili Seth" {flame, Fragile
                  | rCorr Str+3}
 64134 | Elf:3    | Got Isaaxa's Papyrus of Leadership and Austromancy
 64177 | Elf:3    | Learned a level 5 spell: Borgnjor's Vile Clutch
 64614 | Vaults:4 | Reached skill level 5 in Transmutations
 66064 | Vaults:5 | Reached XP level 25. HP: 160/172 MP: 17/46
 66869 | Vaults:5 | Got a silver rune of Zot
 67159 | Vaults:5 | Identified the ring of Vedoc {rN+ MP+9 Str+6 Slay-6}
 67220 | Vaults:5 | Noticed an ancient lich
 67337 | Vaults:5 | Identified the ring "Asheu" {rElec AC+4 Str+5 Dex-4 Stlth+}
 67686 | Vaults:5 | Identified the +2 plate armour of the Transmuting Gods
                  | {Int+3}
 67777 | Vaults:5 | Killed an ancient lich
 67778 | Vaults:5 | Reached skill level 20 in Invocations
 67899 | Vaults:5 | Identified the +4 demon blade "Xoxuog" {pain, *Corrode
                  | Will+ MP+9 Int+5}
 67935 | Vaults:5 | Identified the +2 falchion of the Fray {freeze, Int+3}
 68057 | Vaults:5 | Found Iluin's Weapon Shoppe.
 68070 | Vaults:5 | Identified the +7 sling "Laex" {heavy, Int+3}
 68524 | Orc:2    | Bought the ring "Lobawov" {rPois rN+ Str+6 Int+7} for 859
                  | gold pieces
 68840 | Crypt:1  | Entered Level 1 of the Crypt
 69427 | Crypt:1  | Noticed Mennas
 69445 | Crypt:1  | Killed Mennas
 69468 | Crypt:1  | Identified the ring of Vytz {rF+ Will+ Str+4 Dex-2}
 69605 | Crypt:1  | Reached skill level 10 in Dodging
 70317 | Crypt:2  | Noticed Margery
 70331 | Crypt:2  | Noticed Sojobo
 70341 | Crypt:2  | Killed Margery
 70777 | Crypt:2  | Paralysed by an air elemental for 1 turns
 70815 | Crypt:2  | Killed Sojobo
 71103 | Crypt:2  | Noticed Saint Roka
 71125 | Crypt:2  | Killed Saint Roka
 71322 | Crypt:2  | Found a runed translucent door.
 71428 | Crypt:2  | Reached XP level 26. HP: 118/179 MP: 39/46
 71538 | Crypt:2  | Identified the +0 shadow dragon scales "Caruveu Ylyu" {rF+
                  | rN+ rCorr Str-5 Stlth++++}
 71955 | Crypt:2  | Found a basalt altar of Yredelemnul.
 72278 | Crypt:2  | Noticed Yhipuh's ghost (veteran GrEE)
 72323 | Crypt:2  | Killed Yhipuh's ghost
 72398 | Crypt:3  | Entered Level 3 of the Crypt
 72891 | Crypt:3  | Found an ancient bone altar of Kikubaaqudgha.
 73339 | Crypt:3  | Noticed an ancient lich
 73339 | Crypt:3  | Noticed a dread lich
 73351 | Crypt:3  | Killed an ancient lich
 73352 | Crypt:3  | Reached skill level 15 in Armour
 73365 | Crypt:3  | Killed a dread lich
 73716 | Crypt:3  | Noticed Khufu
 73719 | Crypt:3  | Noticed a royal mummy
 73723 | Crypt:3  | Noticed a royal mummy
 73732 | Crypt:3  | Killed a royal mummy
 73747 | Crypt:3  | Killed a royal mummy
 73751 | Crypt:3  | Killed Khufu
 74493 | Crypt:3  | Found a staircase to the Tomb.
 75257 | D:13     | You paid a toll of 9 potions of haste to enter a treasure
                  | trove
 75258 | Trove    | Entered a treasure trove
 75267 | Trove    | Identified the amulet "Feolen" {Spirit rPois Will++}
 75269 | Trove    | Identified the ring "Jyozytais" {Wiz rPois rC+ SInv}
 75279 | Trove    | Identified the ring of Wovvy {rF+ rN+}
 75284 | Trove    | Identified the ring "Ykhliddulao" {rC+ Str+6}
 75293 | Trove    | Identified the ring "Gedacichul" {AC+4 Dex+3}
 75295 | Trove    | Identified the ring "Yvite" {rPois rC++ MP+9 Str-3 Dex+6}
 75300 | Trove    | Identified the ring of Saffes {Wiz Drain rN+ Str+8 Dex+3}
 75301 | Trove    | Identified the ring "Anireex" {*Slow +Blink Fly rC+ Dex+4}
 75302 | Trove    | Identified the amulet "Loidamock" {Spirit rCorr Str+3}
 75675 | Depths:4 | Reached skill level 10 in Evocations
 75919 | Depths:4 | Found a runed translucent door.
 75919 | Depths:4 | Noticed a juggernaut
 75921 | Depths:4 | Noticed a juggernaut
 75921 | Depths:4 | Noticed a juggernaut
 75934 | Depths:4 | Killed a juggernaut
 75941 | Depths:4 | Killed a juggernaut
 75951 | Depths:4 | Killed a juggernaut
 75952 | Depths:4 | Reached skill level 10 in Translocations
 76862 | Zot:1    | Entered Level 1 of the Realm of Zot
 77289 | Depths:4 | Reached XP level 27. HP: 110/184 MP: 46/46
 78514 | Zot:1    | Learned a level 1 spell: Apportation
 78518 | Zot:1    | Learned a level 3 spell: Ignite Poison
 78523 | Zot:1    | Learned a level 4 spell: Iskenderun's Mystic Blast
 78532 | Zot:1    | Learned a level 8 spell: Lehudib's Crystal Spear
 79643 | Zot:2    | Reached skill level 10 in Conjurations
 80623 | Zot:3    | Noticed an orb of fire
 80627 | Zot:3    | Gained mutation: You are dopey. (Int -2) [an orb of fire]
 80628 | Zot:3    | Gained mutation: Your spells are a little easier to cast,
                  | but a little less powerful. [an orb of fire]
 80629 | Zot:3    | Found a large runed translucent door.
 80629 | Zot:3    | Found a large runed translucent door.
 80649 | Zot:3    | Killed an orb of fire
 80663 | Zot:3    | Noticed Debugaymy's ghost (master OgFi)
 81302 | Slime:1  | Entered Level 1 of the Pits of Slime
 81305 | Slime:1  | Gained mutation: Your magical capacity is low. (-10% MP) [a
                  | shining eye]
 81810 | Slime:2  | Noticed Dissolution
 81990 | Slime:2  | Killed Dissolution
 82473 | Slime:2  | Found a viscous altar of Jiyva.
 83117 | Slime:3  | Gained mutation: You occasionally lose the ability to drink
                  | potions when taking damage. [a shining eye]
 83128 | Slime:3  | Reached skill level 21 in Invocations
 83130 | Slime:3  | Gained mutation: You are weak. (Str -2) [a shining eye]
 83138 | Slime:3  | Gained mutation: You occasionally shout uncontrollably at
                  | your foes. [a shining eye]
 83400 | Slime:4  | Gained mutation: Your magical capacity is very low. (-20%
                  | MP) [a shining eye]
 83462 | Slime:5  | Entered Level 5 of the Pits of Slime
 83917 | Slime:5  | Gained mutation: You sometimes lose your temper in combat.
                  | [a shining eye]
 83927 | Slime:5  | Gained mutation: You have hidden genetic defects. [a
                  | shining eye]
 83928 | Slime:5  | Reached skill level 10 in Earth Magic
 83930 | Slime:5  | Gained mutation: Your body sometimes deteriorates upon
                  | taking damage. [a shining eye]
 84134 | Slime:5  | Paralysed by a floating eye for 4 turns
 84776 | Slime:5  | Found a viscous altar of Jiyva.
 84782 | Slime:5  | Noticed the Royal Jelly
 84834 | Slime:5  | Killed the Royal Jelly
 84943 | Slime:5  | Identified the +10 plate armour "Limmuser" {Will+ Str-4
                  | SInv}
 84950 | Slime:5  | Found the +3 greatsling "Punk" {acid, rCorr}
 84955 | Slime:5  | Got the Elucidation of the Planar Lithosphere
 84966 | Slime:5  | Identified the +8 mace "Paininur" {heavy, Dex+4}
 84987 | Slime:5  | Identified the +5 hand crossbow "Figinir" {elec, Fragile
                  | Will+ Str+3 Stlth+}
 84989 | Slime:5  | Got a slimy rune of Zot
 84991 | Slime:5  | Got Lom Lobon's Vademecum on Damage
 85012 | Slime:5  | Identified the +3 helmet of the Unseen Realm {rCorr MP+9
                  | Str-3 Dex-2}
 85017 | Slime:5  | Identified the +1 war axe of Sloth {antimagic, rElec rF++
                  | rC- Dex+2}
 85021 | Slime:5  | Identified the staff "Stringbean" {rElec rN+++ Str+6 Int-3
                  | Air}
 85049 | Slime:5  | Learned a level 2 spell: Passwall
 85064 | Slime:5  | Got Sesk's Atlas of the Tundra and Quicksand
 85312 | Lair:5   | Lost mutation: Your body sometimes deteriorates upon taking
                  | damage. [potion of mutation]
 85312 | Lair:5   | Lost mutation: Your spells are a little easier to cast, but
                  | a little less powerful. [potion of mutation]
 85312 | Lair:5   | Lost mutation: You are weak. (Str -2) [potion of mutation]
 85312 | Lair:5   | Gained mutation: You frequently scream uncontrollably at
                  | your foes. [potion of mutation]
 85313 | Lair:5   | Lost mutation: You are dopey. (Int -2) [potion of mutation]
 85313 | Lair:5   | Lost mutation: Your magical capacity is very low. (-20% MP)
                  | [potion of mutation]
 85313 | Lair:5   | Lost mutation: You occasionally lose the ability to drink
                  | potions when taking damage. [potion of mutation]
 85313 | Lair:5   | Gained mutation: You are agile. (Dex +4, Str/Int -1)
                  | [potion of mutation]
 85313 | Lair:5   | Gained mutation: You are robust. (+10% HP) [potion of
                  | mutation]
 85314 | Lair:5   | Lost mutation: You frequently scream uncontrollably at your
                  | foes. [potion of mutation]
 85314 | Lair:5   | Lost mutation: You occasionally shout uncontrollably at
                  | your foes. [potion of mutation]
 85314 | Lair:5   | Gained mutation: You do not regenerate when monsters are
                  | visible. [potion of mutation]
 85944 | Zot:3    | Gained mutation: Your body sometimes deteriorates upon
                  | taking damage. [hidden defects]
 87237 | Zot:3    | Killed Debugaymy's ghost
 87279 | Zot:3    | Identified the staff "Xoiteon" {rPois rN+ Will+ Int-3
                  | Necro}
 87412 | Zot:4    | Gained mutation: You are dopey. (Int -2) [hidden defects]
 87412 | Zot:4    | Lost mutation: You have hidden genetic defects. [hidden
                  | defects expressed]
 87419 | Zot:4    | Reached skill level 22 in Invocations
 89137 | Zot:5    | Entered Level 5 of the Realm of Zot
 90918 | Zot:5    | Noticed an ancient lich
 90926 | Zot:5    | Killed an ancient lich
 91209 | Zot:5    | Upgraded the game from 0.31-a0-647-g38d6a14cb1 to
                  | 0.31-a0-655-gf2d5465dac
 91411 | Zot:5    | Noticed an orb of fire
 91419 | Zot:5    | Killed an orb of fire
 91447 | Zot:5    | Noticed an orb of fire
 91463 | Zot:5    | Noticed an orb of fire
 91463 | Zot:5    | Gained mutation: Your magical capacity is very low. (-20%
                  | MP) [an orb of fire]
 91694 | Zot:4    | Lost mutation: You are agile. (Dex +4, Str/Int -1) [an orb
                  | of fire]
 91705 | Zot:4    | Gained mutation: You occasionally lose the ability to read
                  | scrolls when taking damage. [an orb of fire]
 91716 | Zot:4    | Killed an orb of fire
 91717 | Zot:4    | Reached skill level 15 in Conjurations
 91881 | Zot:4    | Killed an orb of fire
 91976 | Zot:5    | Noticed an ancient lich
 92044 | Zot:4    | Killed an ancient lich
 92110 | Zot:5    | Reached skill level 23 in Invocations
 92774 | Zot:5    | Noticed an orb of fire
 92796 | Zot:5    | Gained mutation: You have hidden genetic defects. [an orb
                  | of fire]
 92797 | Zot:5    | Killed an orb of fire
 92798 | Zot:5    | Reached skill level 15 in Earth Magic
 92813 | Zot:5    | Noticed an orb of fire
 92816 | Zot:5    | Noticed an orb of fire
 92817 | Zot:5    | Noticed an orb of fire
 92828 | Zot:5    | Lost mutation: You are strong-willed. (Will+) [an orb of
                  | fire]
 92832 | Zot:5    | Killed an orb of fire
 92835 | Zot:5    | Gained mutation: You occasionally shout uncontrollably at
                  | your foes. [an orb of fire]
 92837 | Zot:5    | Lost mutation: You are robust. (+10% HP) [an orb of fire]
 93159 | Zot:5    | Killed an orb of fire
 93194 | Zot:5    | Killed an orb of fire
 93569 | Zot:5    | Gained mutation: You are weak. (Str -2) [hidden defects]
 93827 | Zot:5    | Got the Orb of Zot
 94766 | D:$      | Escaped with the Orb!

Illustrated notes

Levels and vault maps discovered:
D:1:      dpeg_arrival_rhombus, layout_basic
D:2:      layout_loops_corners, nicolae_ecumenical_pavilion, minmay_pentomino_r4
D:3:      layout_loops_ring, nicolae_ashenzari_panopticon, uniq_natasha,
          uniq_sigmund
D:4:      layout_rooms, minmay_temple_entry_mist, wad_rectangle_vault,
          uniq_duvessa
D:5:      layout_loops_ring, gup_sewer_entry_spiral, uniq_ijyb
D:6:      layout_layer_cave
D:7:      layout_loops_ring, serial_shops, shop, chequers_serial_rivers_marsh
D:8:      layout_cave_pods, enter_ossuary_2, nicolae_shop_firing_range
D:9:      layout_gridville, vehumet_statue, mainiacjoe_overflow_boulevard,
          kennysheep_just_a_vault, uniq_pikel
D:10:     layout_basic
D:11:     layout_irregular_city, david_lair_shrubbed, minmay_starry_boxes,
          uniq_sonja, uniq_grum, uniq_amaemon
D:12:     layout_stronghold, minmay_orc_entry_guard_dogs,
          nicolae_ru_sacrificial_ziggurat, uniq_rupert, uniq_snorg,
          uniq_josephine
D:13:     layout_long_grid, enter_trove_1, uniq_azrael
D:14:     layout_cave_pools, hellmonk_vaults_keyhole, minmay_splitting_lines,
          nicolae_hydra_factorization
D:15:     hangedman_depths_entry_try_elsewhere_first, layout_grid_maze,
          portal_ice_cave_entry_pillars_four, kennysheep_flooded_box
Temple:   hellmonk_temple_divided_pantheon
Lair:1:   layout_long_grid
Lair:2:   layout_regular_city, alex1729_snake_entry_snake, serial_bayou_shore_a
Lair:3:   layout_gridlike, minmay_shoals_entry_lonely_mermaid,
          lemuel_fruit_fields
Lair:4:   layout_cave_pods, lemuel_fruit_tree, grunt_megastairs_3, uniq_nessos
Lair:5:   grunt_lair_end_beastmaster, layout_gridlike,
          minmay_slime_entry_oklob_open
Shoals:1: gammafunk_sealed_arena, layout_shoals, serial_shops, shop_statue
Shoals:2: layout_shoals, uniq_polyphemus
Shoals:3: layout_shoals, nicolae_shop_overcharged_wands
Shoals:4: shoals_end_simple, layout_shoals, gammafunk_ghost_necromancy,
          nicolae_shoals_lost_giant_baths
Snake:1:  layout_basic, minmay_shoptagon
Snake:2:  layout_rooms
Snake:3:  layout_misc_corridors, grunt_megastairs_5, minmay_shop_grove
Snake:4:  grunt_snake_rune_serpentine_throne, layout_gridlike,
          gammafunk_ghost_arena, uniq_aizul, uniq_mlioglotl
Slime:1:  layout_caves, cheibrodos_slime_lost_civilization_5
Slime:2:  layout_caves, basic_altar, dissolution_awaits
Slime:3:  layout_caves
Slime:4:  layout_caves, cheibrodos_slime_lost_civilization_4
Slime:5:  slime_pit
Orc:1:    layout_diamond_mine, serial_shops, shop, library_closet
Orc:2:    st_orc_mages, layout_caves, serial_shops, nicolae_shop_mannequins,
          basic_altar, mines5_lemuel
Elf:1:    elf_arrival_002, layout_gridlike, minmay_elf_annihilation,
          bh_hangedman_babel_library, grunt_megastairs_2
Elf:2:    elven_hall_of_blades_hangedman_alternative [mumra_blade_entry_dagger],
          layout_rooms
Elf:3:    elf_hall_gauntlet_narrow, layout_loops_corners, serial_shops,
          nicolae_book_shop_shelving
Vaults:1: vaults_dpeg_diagonal, nicolae_vaults_wrenched, nicolae_vaults_swerve,
          nicolae_vaults_network_star, hangedman_vaults_nails,
          nicolae_vaults_statue_guard, nicolae_vaults_little_squares_4,
          vaults_standard_mumra_lines, nicolae_vaults_double_plus_1,
          ontoclasm_vaults_twist, nicolae_vaults_little_squares_5,
          ontoclasm_vaults_chip, dpeg_vaults_monster_row, layout_vaults_ring
Vaults:2: hangedman_vaults_nails, nicolae_vaults_closet_pinwheel_2,
          grunt_vaults_focal, grunt_vaults_twisty, grunt_vaults_hallway_short,
          nicolae_vaults_cornered_office, vaults_mumra_minichess, v_pattern_4,
          vaults_room_grid, v_alt_pattern_4, vaults_dpeg_ring,
          layout_vaults_quadrants, serial_shops, bzr_entry_islet, uniq_mara,
          uniq_boris
Vaults:3: nicolae_vaults_shelves_hall, minmay_crypt_entry_vampire_xt,
          hangedman_vaults_slither, v_misc_18, ontoclasm_vaults_tryst,
          nicolae_vaults_ninety_degrees, nicolae_vaults_trapezoid_lopsided_4,
          v_alt_pattern_5, vaults_room_corners, st_cross,
          vaults_dpeg_encased_lava, vaults_room_semicircle,
          nicolae_vaults_six-pack, nicolae_vaults_little_squares_6,
          layout_vaults_big_cross
Vaults:4: nicolae_vaults_little_squares_5, nicolae_vaults_puzzle_piece,
          nicolae_vaults_doubleplus_tesselated, vaults_room_pool,
          ontoclasm_vaults_bender, v_misc_22, vaults_room_hallway,
          nicolae_vaults_big_angled_halls, vaults_room_large_hall,
          nicolae_vaults_closet_pinwheel_5, nicolae_vaults_stairing_the_circle,
          vaults_room_door_ring, st_octagons_2, v_misc_9,
          nicolae_vaults_little_squares_6, nicolae_vaults_diamond_2,
          layout_vaults_omnibox
Vaults:5: serial_shops
Crypt:1:  layout_chaotic_city, due_unseen_surprise, grunt_megastairs_1,
          uniq_mennas
Crypt:2:  lemuel_vampire_tower, layout_gridlike, ebering_ghost_reflecting_pool,
          uniq_saint_roka, uniq_margery, uniq_sojobo
Crypt:3:  evilmike_haunted_forest, uniq_khufu
Depths:1: layout_roguey, hell_entry, minmay_misc_feat_secret_circle,
          hangedman_abyss_or_decor_stabs, nemelex_xobeh_ov_fountains_minmay
Depths:2: kennysheep_gozag_temple, layout_basic, rand_demon_pan_entry_1,
          hell_entry, kennysheep_minor_cross, kennysheep_generic_room_4
Depths:3: lemuel_minitomb, layout_honeycomb, serial_bayou_pond_c,
          hangedman_abyss_entry_splay, hellmouth_1,
          nicolae_dithmenos_shadow_blocks
Depths:4: grunt_zot_entry_funnels, layout_basic, enter_ziggurat_d,
          grunt_hell_entry_dis_mu, hex_intersection, lightli_gold_pyramid
Zot:1:    layout_onion_interference
Zot:2:    layout_misc_corridors
Zot:3:    kennysheep_blocky_hall, layout_gridlike, ebering_ghost_disaster_area,
          hellmonk_zot_clocked
Zot:4:    layout_basic
Zot:5:    layout_basic, skrybe_zot_glass_2

Skill      XL: |  1  2  3  4  5  6  7  8  9 10 11 12 13 14 15 16 17 18 19 20 21 22 23 24 25 26 27 |
---------------+----------------------------------------------------------------------------------+-----
Fighting       | 4 5 6 7 9 10 11 12 13 14 15 16 17 18 19 20 21 22 | 22.0
Maces & Flails | 3 4 5 6 7 9 10 11 12 13 14 15 16 17 | 17.3
Dodging        | 1 2 5 6 8 12 13 | 13.2
Invocations    | 1 3 6 7 9 11 12 13 15 16 17 18 19 20 23 | 23.7
Armour         | 5 6 7 10 11 12 13 15 | 15.6
Shields        | 4 5 6 9 11 | 11.0
Evocations     | 3 5 7 8 11 12 | 12.2
Spellcasting   | 3 4 5 11 16 19 | 19.3
Transmutations | 3 5 6 |  6.2
Conjurations   | 3 4 7 8 16 | 16.5
Translocations | 3 5 8 9 11 12 | 12.0
Stealth        | 6 8 |  8.0
Necromancy     | 2 5 6 |  6.3
Earth Magic    | 3 5 16 | 16.2

Action                     |  1- 3 |  4- 6 |  7- 9 | 10-12 | 13-15 | 16-18 | 19-21 | 22-24 | 25-27 || total
---------------------------+-------+-------+-------+-------+-------+-------+-------+-------+-------++-------
  Melee: Flail             |    86 |    52 |       |       |       |       |       |       |       ||   138
         War axe           |       |    30 |   246 |   130 |       |       |       |       |       ||   406
         Dire flail        |       |       |       |   374 |       |       |       |       |       ||   374
         Demon whip        |       |       |       |     6 |  1566 |  1919 |  2283 |  2228 |  4050 || 12052
   Cast: Wereblood         |       |       |       |     1 |    17 |     7 |     6 |    17 |     4 ||    52
         Momentum Strike   |       |       |       |       |     3 |       |       |       |       ||     3
         Manifold Assault  |       |       |       |       |       |     4 |    30 |   276 |   148 ||   458
         Blink             |       |       |       |       |       |       |     1 |     9 |    10 ||    20
         Dispel Undead     |       |       |       |       |       |       |       |     1 |    32 ||    33
         Stone Arrow       |       |       |       |       |       |       |       |     8 |    10 ||    18
         Irradiate         |       |       |       |       |       |       |       |     4 |    49 ||    53
         Borgnjor's Vile C |       |       |       |       |       |       |       |       |     2 ||     2
         Iskenderun's Myst |       |       |       |       |       |       |       |       |    28 ||    28
         Lehudib's Crystal |       |       |       |       |       |       |       |       |    20 ||    20
 Invoke: Slouch            |       |       |       |     6 |     4 |     5 |    10 |     5 |    10 ||    40
         Bend Time         |       |       |       |       |     1 |       |       |       |       ||     1
         Step From Time    |       |       |       |       |       |     2 |     1 |     4 |     1 ||     8
         Temporal Distorti |       |       |       |       |       |       |       |     1 |       ||     1
  Evoke: Wand              |       |       |       |    14 |     5 |     7 |     9 |    22 |    29 ||    86
    Use: Scroll            |     3 |     1 |    11 |     9 |    10 |     9 |    12 |    23 |    18 ||    96
         Potion            |       |       |     4 |     9 |     3 |     5 |     5 |     9 |    16 ||    51
   Stab: Sleeping          |       |       |       |       |    10 |    20 |    17 |     3 |    14 ||    64
         Petrified         |       |       |       |       |     4 |       |       |       |       ||     4
         Distracted        |       |       |       |       |     2 |     1 |     5 |     6 |     2 ||    16
         Invisible         |       |       |       |       |       |       |       |     4 |       ||     4
         Betrayed ally     |       |       |       |       |       |       |       |     1 |       ||     1
         Confused          |       |       |       |       |       |       |       |       |     1 ||     1
 Armour: Scale mail        |    51 |    50 |   144 |   141 |       |       |       |       |       ||   386
         Troll leather arm |       |       |       |    41 |   368 |   371 |   483 |       |       ||  1263
         Crystal plate arm |       |       |       |       |    46 |   147 |       |       |       ||   193
         Fire dragon scale |       |       |       |       |       |       |    31 |   629 |  1108 ||  1768
  Dodge: Dodged            |    51 |    39 |   211 |   523 |   905 |  1051 |   979 |   938 |  1594 ||  6291
  Block: Buckler           |    20 |    16 |    81 |    74 |   652 |   467 |       |       |       ||  1310
         Reflection        |       |       |       |       |    13 |   146 |    76 |    75 |    46 ||   356
         Kite shield       |       |       |       |       |       |   848 |  1728 |  1732 |  3208 ||  7516

Table legend: (Time is in decaauts)
 A = Elapsed time spent in this place.
 B = Non-inter-level travel time spent in this place.
 C = Inter-level travel time spent in this place.
 D = Time resting spent in this place.
 E = Time spent auto-exploring this place.
 F = Levels seen in this place.
 G = Mean time per level.
                   A        B        C        D        E       F      G
               +--------+--------+--------+--------+--------+-----+--------+
         Total | 131114 | 116392 |  14722 |  26502 |  67488 |  63 | 2081.2 |
       Dungeon |  27790 |  21479 |   6311 |   3039 |  14644 |  15 | 1852.7 |
        Temple |     46 |     36 |     10 |      0 |      0 |   1 |   46.0 |
          Lair |  11256 |   8847 |   2409 |    985 |   6597 |   5 | 2251.2 |
        Shoals |   7903 |   7509 |    394 |   1149 |   4584 |   4 | 1975.8 |
     Snake Pit |   6760 |   6297 |    463 |    836 |   4059 |   4 | 1690.0 |
    Slime Pits |   5731 |   5401 |    330 |   1162 |   3173 |   5 | 1146.2 |
  Orcish Mines |   2609 |   2197 |    412 |    167 |   1448 |   2 | 1304.5 |
   Elven Halls |   9860 |   9312 |    548 |   3070 |   4864 |   3 | 3286.7 |
        Vaults |  18101 |  16406 |   1695 |   4842 |   8981 |   5 | 3620.2 |
         Crypt |   8013 |   7766 |    247 |   1506 |   4388 |   3 | 2671.0 |
        Depths |  13729 |  12404 |   1325 |   3921 |   6149 |   4 | 3432.2 |
           Zot |  14792 |  14219 |    573 |   5033 |   6383 |   5 | 2958.4 |
         Abyss |    890 |    890 |      0 |      8 |    491 |   2 |  445.0 |
        Bazaar |    337 |    337 |      0 |      0 |    174 |   1 |  337.0 |
         Trove |     82 |     82 |      0 |      0 |     10 |   1 |   82.0 |
         Sewer |    853 |    853 |      0 |      0 |    528 |   1 |  853.0 |
       Ossuary |    239 |    239 |      0 |      0 |    145 |   1 |  239.0 |
      Ice Cave |   2116 |   2116 |      0 |    782 |    865 |   1 | 2116.0 |
               +--------+--------+--------+--------+--------+-----+--------+

Top non-repeatable levels by time:
Depths:4: 4911 daAuts
   Elf:3: 4910 daAuts
Vaults:1: 4675 daAuts
   Zot:5: 4224 daAuts
Vaults:4: 3972 daAuts
Depths:3: 3964 daAuts
   Zot:4: 3934 daAuts
    D:12: 3799 daAuts
 Crypt:3: 3367 daAuts
Vaults:2: 3342 daAuts
Vaults:5: 3121 daAuts
Vaults:3: 2988 daAuts
    D:11: 2902 daAuts
  Lair:2: 2876 daAuts
Shoals:4: 2847 daAuts
